 Dungeon Crawl Stone Soup version 0.19.0-2-gae57169 (webtiles) character file.

988 Exaltedone87 the Covered (level 7, -6/66 HPs)
             Began as a Deep Dwarf Fighter on Nov 5, 2016.
             Mangled by an orc warrior
             ... wielding a +0 scimitar
              (18 damage)
             ... on level 6 of the Dungeon.
             The game lasted 00:13:11 (3396 turns).

Exaltedone87 the Covered (Deep Dwarf Fighter)       Turns: 3396, Time: 00:13:12

Health: -6/66      AC: 12    Str: 22    XL:     7   Next: 97%
Magic:  7/7        EV:  7    Int:  8    God:
Gold:   313        SH: 10    Dex: 12    Spells: 0 memorised, 6 levels left

rFire  . . .     SeeInvis .     o - +2 war axe
rCold  . . .     Gourm    .     b - +0 scale mail
rNeg   . . .     Faith    .     c - +0 shield
rPois  .         Spirit   .     (no helmet)
rElec  .         Reflect  .     l - +2 cloak
rCorr  .         Harm     .     (no gloves)
MR     +....                    g - +0 pair of boots
Stlth  ..........               (no amulet)
                                (no ring)
                                (no ring)

@: non-regenerating, drained
A: damage resistance, recharge devices, sense surroundings 1, slow regeneration
3
a: Device Recharging


You were on level 6 of the Dungeon.
You were not hungry.

You visited 1 branch of the dungeon, and saw 6 of its levels.

You collected 313 gold pieces.

Inventory:

Hand Weapons
 o - a +2 war axe (weapon)
 r - a +0 battleaxe
Missiles
 y - 4 tomahawks (quivered)
Armour
 b - a +0 scale mail (worn)
 c - a +0 shield (worn)
 g - a +0 pair of boots (worn)
 l - a +2 cloak (worn)
Wands
 e - a wand of heal wounds (1/9)
 q - a wand of disintegration (15/24)
 A - a wand of lightning (7/15)
Scrolls
 a - a scroll of amnesia
 k - a scroll of identify
 m - a scroll of remove curse
Potions
 d - 3 potions of might
 f - a potion of agility {unknown}
 h - a potion of berserk rage
 p - 3 potions of curing
Comestibles
 i - 2 meat rations
 s - a slice of pizza
 u - 2 bread rations
 z - a royal jelly


   Skills:
 + Level 4.7(4.4) Fighting
 + Level 4.8(4.4) Axes
 * Level 7.0(6.6) Armour
 + Level 5.6(5.3) Shields


You had 6 spell levels left.
You didn't know any spells.

Dungeon Overview and Level Annotations

Branches:
Dungeon (6/15)
 Temple: D:4-7

Altars:
Cheibriados
Ru

Shops:
D:4 (


Innate Abilities, Weirdness & Mutations

You are resistant to damage.
You can recharge devices by infusing magical energy.
You passively map a small area around you.
You do not regenerate.


Message History

The worker ant bites you but does no damage.
The orc warrior barely misses you.
You slice the worker ant!!
You kill the worker ant!
Your base Armour skill increases to level 7!
You hit the orc warrior.
The orc wizard looks satisfied for a moment.
The wight hits you with an enchanted hand axe.
* * * LOW HITPOINT WARNING * * *
The orc warrior hits you with a scimitar.
* * * LOW HITPOINT WARNING * * *
You hit the wight.
The wight is moderately damaged.
You closely miss the orc warrior.
The orc wizard casts a spell.
The orc wizard seems to speed up.
The wight hits you with an enchanted hand axe.
* * * LOW HITPOINT WARNING * * *
The orc warrior hits you with a scimitar!!
You die...

* ....######## * *
* , , #.......# *
,, #.......# * * ,
* #.......# *
###.......#
#.........# * , *
#.#...oo..#
...####oz### * ..o.
##@###### ....,*
###......# *
....,####.....####
.....#...)).###
.......<()#....# *
, ,,
.....#########....,
....,* ### .. , *,
, ,


You could see an orc warrior, a wight, an orc wizard and an orc.

Vanquished Creatures
  Menkaure (D:5)
  A sky beast (D:5)
  An orc warrior (D:6)
  Blork the orc (D:5)
  2 scorpions
  A wight (D:6)
  A howler monkey (D:5)
  2 crimson imps
  2 hounds (D:5)
  An iguana (D:5)
  An orc wizard (D:3)
  2 worker ants
  A hound skeleton (D:4)
  4 adders
  8 gnolls
  An ooze (D:4)
  An adder zombie (D:5)
  An adder skeleton (D:5)
  A worm (D:2)
  A leopard gecko (D:3)
  17 orcs
  2 giant cockroaches
  6 hobgoblins
  2 jackals (D:5)
  5 kobolds
  2 quokkas
  4 bats
  3 frilled lizards
  8 goblins
  4 rats
87 creatures vanquished.

Notes
Turn   | Place    | Note
-------+----------+-------------------------------------------
     0 | D:1      | Exaltedone87 the Deep Dwarf Fighter began the quest for the Orb.
     0 | D:1      | Reached XP level 1. HP: 20/20 MP: 1/1
    31 | D:1      | Found a snail-covered altar of Cheibriados.
   279 | D:1      | Reached XP level 2. HP: 22/27 MP: 2/2
   655 | D:2      | Reached XP level 3. HP: 34/34 MP: 3/3
   666 | D:2      | Reached skill level 4 in Armour
   748 | D:2      | Reached XP level 4. HP: 5/42 MP: 4/4
  1540 | D:3      | Found a sacrificial altar of Ru.
  1653 | D:3      | Reached XP level 5. HP: 22/49 MP: 5/5
  2424 | D:4      | Found Riaq's Antique Weapon Shop.
  2438 | D:4      | Reached skill level 5 in Armour
  2583 | D:4      | Reached XP level 6. HP: 31/57 MP: 6/6
  2724 | D:5      | Entered Level 5 of the Dungeon
  2953 | D:5      | Noticed Blork the orc
  2962 | D:5      | Killed Blork the orc
  3019 | D:5      | Noticed Menkaure
  3028 | D:5      | Reached skill level 5 in Shields
  3030 | D:5      | Reached XP level 7. HP: 29/64 MP: 7/7
  3032 | D:5      | Killed Menkaure
  3032 | D:5      | Reached skill level 6 in Armour
  3395 | D:6      | Reached skill level 7 in Armour
  3396 | D:6      | Mangled by an orc warrior

Skill      XL: |  1  2  3  4  5  6  7 |
---------------+----------------------+-----
Fighting       | 3 4 |  4.7
Armour         | 4 5 7 |  7.0
Shields        | 4 5 |  5.6
Axes           | 3 4 |  4.8

Action                   |  1- 3 |  4- 6 |  7- 9 || total
-------------------------+-------+-------+-------++-------
Melee: War axe           |    99 |   195 |    55 ||   349
Throw: Throwing net      |       |     1 |     2 ||     3
Evoke: Wand              |       |     3 |     1 ||     4
  Use: Scroll            |     3 |     8 |     1 ||    12
       Potion            |     1 |     5 |     3 ||     9
  Eat: Bread ration      |       |     1 |       ||     1
       Meat ration       |       |     1 |       ||     1
Armor: Scale mail        |    52 |   104 |    23 ||   179
Dodge: Dodged            |    40 |    67 |    22 ||   129
Block: Shield            |    70 |   115 |    28 ||   213
